General information
- name: BNet
- type: Ladder team game (AT/RT)
- host: Battle.net
- saver: sObieski
map: Cherryville
- players: 8
- length: 26:53
- speed: Fast
- version: 1.28 W3XP
- replay type: Public
» download(264 KB)
Players
team 1 (winner)
sObieski (
orange | 128 APM | 3429 actions | 26:53)
6 Archmage
3 Summon Water Elemental
2 Brilliance Aura
1 Mass Teleport
5 Mountain King
3 Storm Bolt
2 Bash
» actions
| Assign group hotkey | 100 | |
| Basic commands | 240 | |
| Build / train | 146 | |
| Enter build submenu | 32 | |
| Enter hero's abilities submenu | 11 | |
| Give item / drop item | 7 | |
| Right click | 955 | |
| Select / deselect | 584 | |
| Select group hotkey | 1087 | |
| Use ability | 267 | |
3429 total
» units
| Peasant | 13 | |
| Footman | 4 | |
| Rifleman | 15 | |
| Goblin Shredder | 2 | |
| Sorceress | 6 | |
| Spell Breaker | 8 | |
| Priest | 2 | |
50 total
» upgrades
| Gunpowder | 3 | |
| Masonry | 3 | |
| Long Rifles | 1 | |
| Armor | 1 | |
| Sorceress Training | 2 | |
| Priest Training | 2 | |
| Plating | 3 | |
| Control Magic | 1 | |
| Swords | 3 | |
| Magic Sentry | 1 | |
20 total
» buildings
| Altar of Kings | 1 | |
| Barracks | 1 | |
| Farm | 11 | |
| Arcane Vault | 1 | |
| Blacksmith | 1 | |
| Keep | 3 | |
| Town Hall | 1 | |
| Scout Tower | 10 | |
| Arcane Tower | 2 | |
| Lumber Mill | 1 | |
| Guard Tower | 11 | |
| Castle | 2 | |
| Arcane Sanctum | 2 | |
47 total
» build order
00:52 Altar of Kings
00:54 Barracks
00:55 Farm
00:57 Farm
01:07 Farm
01:11 Farm
02:02 Arcane Vault
02:08 Farm
03:44 Blacksmith
03:50 Farm
04:38 Keep
04:38 Keep
04:39 Keep
05:04 Town Hall
05:15 Scout Tower
05:16 Scout Tower
05:17 Scout Tower
05:22 Scout Tower
05:48 Arcane Tower
05:48 Arcane Tower
06:01 Lumber Mill
06:29 Scout Tower
06:32 Scout Tower
07:57 Guard Tower
07:57 Guard Tower
07:57 Guard Tower
07:58 Guard Tower
09:52 Castle
09:52 Castle
09:55 Scout Tower
09:55 Scout Tower
09:57 Scout Tower
10:17 Scout Tower
10:20 Arcane Sanctum
10:23 Guard Tower
10:23 Guard Tower
10:24 Arcane Sanctum
10:26 Guard Tower
10:26 Guard Tower
11:16 Guard Tower
11:16 Guard Tower
13:07 Farm
13:10 Farm
13:42 Farm
13:43 Farm
15:40 Guard Tower
18:02 Farm
» items
| Scroll of Regeneration | 7 | |
| Mechanical Critter | 2 | |
| Periapt of Vitality | 1 | |
| Boots of Speed | 1 | |
| Scroll of Protection | 3 | |
| Scroll of Healing | 1 | |
| Staff of Teleportation | 2 | |
| Scroll of Town Portal | 3 | |
| Staff of Sanctuary | 1 | |
| Potion of Healing | 1 | |
| Orb of Fire | 1 | |
| Potion of Lesser Invulnerability | 1 | |
24 total
IVE_FUKED_9_MEN (
green | 93 APM | 2498 actions | 26:52)
5 Keeper of the Grove
3 Entangling Roots
1 Force of Nature
1 Thorns Aura
4 Priestess of the Moon
1 Scout
2 Trueshot Aura
1 Searing Arrows
» actions
| Assign group hotkey | 5 | |
| Build / train | 131 | |
| Enter build submenu | 34 | |
| Enter hero's abilities submenu | 9 | |
| Remove unit from queue | 6 | |
| Right click | 1779 | |
| Select / deselect | 444 | |
| Select group hotkey | 6 | |
| Use ability | 84 | |
2498 total
» units
| Wisp | 51 | |
| Archer | 20 | |
| Hippogryph | 7 | |
| Druid of the Talon | 4 | |
82 total
» upgrades
| Strength of the Moon | 2 | |
| Hippogryph Taming | 1 | |
| Improved Bows | 1 | |
| Druid of the Talon Training | 1 | |
| Moon Armor | 1 | |
6 total
» buildings
| Moon Well | 11 | |
| Altar of Elders | 2 | |
| Ancient of War | 3 | |
| Hunter's Hall | 2 | |
| Ancient Protector | 4 | |
| Tree of Ages | 9 | |
| Tree of Life | 5 | |
| Ancient of Wind | 3 | |
| Tree of Eternity | 3 | |
| Ancient of Lore | 1 | |
43 total
» build order
00:06 Moon Well
00:34 Altar of Elders
00:47 Ancient of War
01:47 Moon Well
02:25 Moon Well
03:30 Hunter's Hall
04:58 Ancient Protector
05:18 Tree of Ages
05:18 Tree of Ages
05:18 Tree of Ages
06:07 Moon Well
06:40 Ancient Protector
07:13 Ancient Protector
08:02 Tree of Life
08:11 Ancient of Wind
10:08 Tree of Life
10:19 Altar of Elders
10:23 Moon Well
11:52 Tree of Ages
11:52 Tree of Ages
11:52 Tree of Ages
12:23 Tree of Life
13:34 Ancient of War
13:48 Moon Well
14:32 Ancient of Wind
15:35 Ancient of Wind
16:55 Ancient of War
17:50 Ancient Protector
18:09 Moon Well
19:10 Moon Well
19:43 Moon Well
20:42 Moon Well
20:47 Tree of Life
21:16 Tree of Ages
21:16 Tree of Ages
21:16 Tree of Ages
21:20 Moon Well
22:17 Hunter's Hall
24:21 Tree of Eternity
24:21 Tree of Eternity
24:21 Tree of Eternity
24:32 Tree of Life
25:08 Ancient of Lore
» items
Light_Speed (
pink | 56 APM | 1496 actions | 26:52)
4 Archmage
2 Summon Water Elemental
2 Brilliance Aura
1 Blood Mage
1 Flame Strike
» actions
| Assign group hotkey | 8 | |
| Build / train | 110 | |
| Enter build submenu | 90 | |
| Enter hero's abilities submenu | 5 | |
| Right click | 631 | |
| Select / deselect | 483 | |
| Select group hotkey | 65 | |
| Use ability | 104 | |
1496 total
» units
» upgrades
| Masonry | 3 | |
| Lumber Harvesting | 2 | |
| Swords | 2 | |
| Armor | 2 | |
| Storm Hammers | 1 | |
10 total
» buildings
| Altar of Kings | 1 | |
| Farm | 18 | |
| Lumber Mill | 1 | |
| Scout Tower | 56 | |
| Guard Tower | 55 | |
| Keep | 1 | |
| Arcane Vault | 1 | |
| Town Hall | 3 | |
| Blacksmith | 1 | |
| Castle | 1 | |
| Gryphon Aviary | 2 | |
140 total
» build order
00:12 Altar of Kings
00:31 Farm
00:54 Lumber Mill
01:16 Farm
01:53 Scout Tower
02:08 Farm
02:22 Scout Tower
02:23 Guard Tower
02:48 Scout Tower
02:50 Guard Tower
02:54 Farm
03:02 Scout Tower
03:15 Farm
03:16 Guard Tower
03:19 Farm
03:29 Scout Tower
03:31 Guard Tower
03:36 Scout Tower
03:43 Scout Tower
03:56 Guard Tower
04:04 Guard Tower
04:07 Farm
04:10 Guard Tower
04:44 Scout Tower
04:48 Scout Tower
04:50 Scout Tower
04:55 Scout Tower
05:00 Farm
05:07 Keep
05:11 Guard Tower
05:17 Guard Tower
05:21 Guard Tower
05:27 Guard Tower
05:50 Scout Tower
05:53 Scout Tower
05:56 Scout Tower
05:59 Scout Tower
06:12 Scout Tower
06:18 Guard Tower
06:20 Guard Tower
06:25 Guard Tower
06:28 Farm
06:29 Guard Tower
06:31 Farm
06:34 Farm
06:37 Scout Tower
06:44 Guard Tower
07:07 Scout Tower
07:09 Guard Tower
07:35 Guard Tower
07:37 Scout Tower
07:46 Scout Tower
07:48 Scout Tower
07:51 Scout Tower
08:14 Guard Tower
08:17 Scout Tower
08:18 Guard Tower
08:19 Guard Tower
08:22 Guard Tower
08:25 Scout Tower
08:28 Scout Tower
08:31 Scout Tower
08:46 Guard Tower
08:53 Arcane Vault
08:54 Guard Tower
08:57 Scout Tower
08:59 Guard Tower
09:02 Scout Tower
09:07 Scout Tower
09:14 Guard Tower
09:48 Town Hall
10:08 Scout Tower
10:11 Scout Tower
10:14 Scout Tower
10:20 Guard Tower
10:21 Guard Tower
10:23 Guard Tower
10:26 Scout Tower
10:37 Guard Tower
10:44 Blacksmith
10:53 Guard Tower
11:01 Guard Tower
11:03 Scout Tower
12:06 Castle
12:42 Scout Tower
12:55 Scout Tower
13:01 Scout Tower
13:11 Scout Tower
13:22 Guard Tower
13:24 Scout Tower
13:29 Guard Tower
13:31 Guard Tower
13:34 Farm
13:37 Farm
14:03 Guard Tower
14:05 Guard Tower
14:07 Scout Tower
14:11 Scout Tower
14:36 Guard Tower
14:52 Guard Tower
15:14 Scout Tower
15:16 Scout Tower
15:19 Scout Tower
15:22 Scout Tower
15:33 Guard Tower
15:46 Guard Tower
15:47 Guard Tower
15:48 Guard Tower
15:51 Scout Tower
15:53 Guard Tower
15:56 Scout Tower
15:59 Scout Tower
16:04 Town Hall
16:44 Guard Tower
16:46 Guard Tower
16:47 Guard Tower
17:12 Scout Tower
17:22 Gryphon Aviary
17:27 Gryphon Aviary
17:43 Guard Tower
21:03 Farm
21:06 Farm
21:14 Scout Tower
21:16 Scout Tower
21:19 Scout Tower
21:21 Scout Tower
21:47 Farm
21:49 Farm
21:54 Guard Tower
21:56 Guard Tower
21:57 Guard Tower
21:58 Guard Tower
22:01 Scout Tower
22:03 Scout Tower
22:06 Scout Tower
22:09 Farm
22:35 Guard Tower
22:36 Guard Tower
22:38 Guard Tower
25:06 Town Hall
» items
| Potion of Mana | 1 | |
| Potion of Healing | 1 | |
2 total

»
p3n1s (
yellow | 35 APM | 935 actions | 26:52)
6 Blademaster
2 Wind Walk
3 Critical Strike
1 Bladestorm
» actions
| Assign group hotkey | 18 | |
| Basic commands | 2 | |
| Build / train | 52 | |
| ESC pressed | 3 | |
| Enter build submenu | 25 | |
| Enter hero's abilities submenu | 6 | |
| Right click | 530 | |
| Select / deselect | 185 | |
| Select group hotkey | 24 | |
| Use ability | 90 | |
935 total
» units
| Peon | 18 | |
| Troll Headhunter/Berserker | 5 | |
| Wind Rider | 1 | |
| Troll Batrider | 2 | |
26 total
» upgrades
| Spiked Barricades | 1 | |
| Ranged Weapons | 2 | |
| Armor | 1 | |
4 total
» buildings
| Altar of Storms | 1 | |
| Orc Burrow | 9 | |
| War Mill | 1 | |
| Voodoo Lounge | 2 | |
| Watch Tower | 6 | |
| Stronghold | 1 | |
| Barracks | 2 | |
| Beastiary | 1 | |
| Fortress | 1 | |
| Great Hall | 1 | |
25 total
» build order
00:02 Altar of Storms
00:04 Orc Burrow
00:50 War Mill
01:01 Voodoo Lounge
02:21 Orc Burrow
02:27 Watch Tower
03:54 Stronghold
03:57 Barracks
04:05 Orc Burrow
05:36 Barracks
06:27 Beastiary
09:38 Fortress
09:44 Watch Tower
10:03 Watch Tower
10:14 Orc Burrow
10:17 Watch Tower
11:51 Orc Burrow
13:31 Watch Tower
13:42 Orc Burrow
14:32 Watch Tower
14:36 Orc Burrow
14:45 Voodoo Lounge
21:19 Great Hall
25:52 Orc Burrow
26:00 Orc Burrow
» items
| Lesser Clarity Potion | 4 | |
| Scroll of Speed | 4 | |
| Healing Salve | 2 | |
| Potion of Healing | 2 | |
| Potion of Mana | 1 | |
13 total
team 2 (loser)

»
theKingofSpain (
purple | 68 APM | 365 actions | 05:23)
2 Blademaster
2 Wind Walk
» actions
| Assign group hotkey | 5 | |
| Basic commands | 4 | |
| Build / train | 22 | |
| Enter build submenu | 11 | |
| Enter hero's abilities submenu | 2 | |
| Right click | 163 | |
| Select / deselect | 65 | |
| Select group hotkey | 74 | |
| Use ability | 19 | |
365 total
» units
» buildings
| Altar of Storms | 2 | |
| Orc Burrow | 3 | |
| Barracks | 1 | |
| Stronghold | 3 | |
| War Mill | 2 | |
| Voodoo Lounge | 2 | |
13 total
» build order
00:09 Altar of Storms
00:21 Orc Burrow
00:26 Altar of Storms
00:59 Barracks
01:55 Orc Burrow
02:06 Stronghold
02:07 Stronghold
02:07 Stronghold
02:49 War Mill
02:57 Voodoo Lounge
04:36 Voodoo Lounge
04:39 Orc Burrow
05:22 War Mill

»
HellaBitcoin (
teal | 109 APM | 2902 actions | 26:43)
6 Tauren Chieftain
3 Endurance Aura
2 War Stomp
1 Reincarnation
4 Blademaster
3 Critical Strike
1 Wind Walk
» actions
| Assign group hotkey | 83 | |
| Basic commands | 2 | |
| Build / train | 123 | |
| Enter build submenu | 34 | |
| Enter hero's abilities submenu | 12 | |
| Give item / drop item | 3 | |
| Remove unit from queue | 2 | |
| Right click | 716 | |
| Select / deselect | 601 | |
| Select group hotkey | 1219 | |
| Use ability | 107 | |
2902 total
» units
| Peon | 16 | |
| Troll Headhunter/Berserker | 21 | |
| Wind Rider | 10 | |
| Grunt | 1 | |
| Troll Witch Doctor | 11 | |
| Demolisher | 1 | |
| Spirit Walker | 3 | |
| Troll Batrider | 10 | |
| Shaman | 2 | |
75 total
» upgrades
| Armor | 3 | |
| Ranged Weapons | 3 | |
| Witch Doctor Training | 2 | |
| Berserker Upgrade | 1 | |
| Troll Regeneration | 1 | |
| Reinforced Defenses | 1 | |
| Shaman Training | 1 | |
| Spirit Walker Training | 1 | |
13 total
» buildings
| Altar of Storms | 1 | |
| Orc Burrow | 9 | |
| War Mill | 1 | |
| Barracks | 1 | |
| Voodoo Lounge | 1 | |
| Watch Tower | 9 | |
| Stronghold | 2 | |
| Fortress | 2 | |
| Beastiary | 4 | |
| Spirit Lodge | 2 | |
| Great Hall | 1 | |
33 total
» build order
00:20 Altar of Storms
00:22 Orc Burrow
00:29 Orc Burrow
01:09 War Mill
01:25 Barracks
01:44 Orc Burrow
02:01 Voodoo Lounge
04:13 Orc Burrow
04:14 Watch Tower
05:33 Stronghold
05:35 Fortress
05:47 Beastiary
05:48 Beastiary
06:42 Orc Burrow
06:45 Orc Burrow
07:56 Stronghold
07:59 Fortress
08:03 Spirit Lodge
09:23 Spirit Lodge
11:15 Orc Burrow
12:44 Orc Burrow
14:59 Orc Burrow
17:10 Watch Tower
17:11 Watch Tower
17:12 Watch Tower
18:03 Watch Tower
18:04 Watch Tower
18:04 Watch Tower
20:48 Watch Tower
20:48 Watch Tower
20:58 Great Hall
21:20 Beastiary
21:22 Beastiary
» items
| Healing Salve | 5 | |
| Scroll of Speed | 1 | |
| Orb of Lightning | 1 | |
| Scroll of Town Portal | 1 | |
| Tiny Great Hall | 1 | |
| Potion of Healing | 1 | |
| Lesser Clarity Potion | 2 | |
12 total

»
New-B (
red | 47 APM | 1250 actions | 26:52)
5 Shadow Hunter
3 Serpent Ward
1 Healing Wave
1 Hex
3 Blademaster
3 Critical Strike
» actions
| Assign group hotkey | 31 | |
| Build / train | 103 | |
| Enter build submenu | 25 | |
| Enter hero's abilities submenu | 8 | |
| Remove unit from queue | 3 | |
| Right click | 499 | |
| Select / deselect | 412 | |
| Select group hotkey | 68 | |
| Use ability | 101 | |
1250 total
» units
| Peon | 18 | |
| Grunt | 16 | |
| Wind Rider | 10 | |
| Demolisher | 7 | |
| Shaman | 1 | |
| Troll Headhunter/Berserker | 2 | |
54 total
» upgrades
| Melee Weapons | 5 | |
| Armor | 7 | |
| Spiked Barricades | 4 | |
| Envenomed Spears | 1 | |
| Ranged Weapons | 2 | |
| Berserker Strength | 2 | |
| Reinforced Defenses | 2 | |
| Burning Oil | 1 | |
| Shaman Training | 1 | |
| Berserker Upgrade | 1 | |
| Troll Regeneration | 1 | |
27 total
» buildings
| Altar of Storms | 1 | |
| Orc Burrow | 11 | |
| Barracks | 2 | |
| Voodoo Lounge | 1 | |
| War Mill | 1 | |
| Stronghold | 3 | |
| Fortress | 3 | |
| Spirit Lodge | 1 | |
| Watch Tower | 6 | |
29 total
» build order
00:09 Altar of Storms
00:12 Orc Burrow
01:09 Barracks
01:37 Barracks
01:48 Voodoo Lounge
02:24 Orc Burrow
02:35 Orc Burrow
02:55 War Mill
06:33 Orc Burrow
06:50 Stronghold
06:50 Stronghold
06:50 Stronghold
10:03 Fortress
10:19 Orc Burrow
11:57 Orc Burrow
11:58 Orc Burrow
12:00 Orc Burrow
12:02 Orc Burrow
12:29 Orc Burrow
14:58 Fortress
14:58 Fortress
15:03 Spirit Lodge
17:26 Watch Tower
17:28 Watch Tower
17:30 Watch Tower
18:53 Watch Tower
18:55 Watch Tower
18:59 Watch Tower
21:37 Orc Burrow
» items
| Healing Salve | 1 | |
| Lesser Clarity Potion | 2 | |
| Scroll of Speed | 1 | |
4 total
Chat log
(00:13 / Allies) IVE_FUKED_9_MEN: fast expos
(00:16 / Allies) IVE_FUKED_9_MEN: split rush
(00:23 / Allies) p3n1s: sending bm
(02:11 / Allies) IVE_FUKED_9_MEN: 2 orc bot
(02:36 / Allies) IVE_FUKED_9_MEN: help
(02:39 / Allies) p3n1s: what makes them bot?
(04:23 / Allies) p3n1s: aim grunt
(04:26 / Allies) p3n1s: ty
(09:13 / Allies) sObieski: brt
(09:25 / Allies) IVE_FUKED_9_MEN: to later
(09:31 / All) p3n1s: wow
(09:33 / All) p3n1s: pink orange
(09:40 / Allies) sObieski: damn too late hall down
(09:42 / Allies) IVE_FUKED_9_MEN: pink
(09:46 / Allies) IVE_FUKED_9_MEN: let me have this expo
(09:55 / Allies) Light_Speed: hit
(09:56 / Allies) IVE_FUKED_9_MEN: let me ghhave
(10:02 / Allies) Light_Speed: ok
(10:24 / Allies) p3n1s: wood pls
(10:38 / Allies) p3n1s: .TP
(11:17 / All) p3n1s: FUCK YOU CUNTS
(11:58 / Allies) Light_Speed: hit again
(13:18 / Allies) p3n1s: gold wood pls
(13:25 / Allies) p3n1s: ty
(14:24 / Allies) sObieski: I need tp
(14:40 / Allies) IVE_FUKED_9_MEN: wood
(14:45 / Allies) IVE_FUKED_9_MEN: oplz''
(15:04 / Allies) p3n1s: i got nothing
(15:12 / Allies) IVE_FUKED_9_MEN: wood me'
(15:14 / Allies) p3n1s: pls dont expect green or i to feed
(18:30 / Allies) sObieski: I wish anyone else had units
(18:41 / All) p3n1s: wow
(19:10 / All) p3n1s: you kno2w
(19:17 / All) p3n1s: if you helped us at the fucking start?
(19:22 / All) New-B: im good
(19:24 / All) p3n1s: maybe we woud have units
(19:24 / All) New-B: please leave
(19:41 / All) sObieski: you got raped by like 2 players
(19:48 / Allies) p3n1s: no
(21:01 / Allies) p3n1s: wood pls
(21:09 / Allies) p3n1s: ty
(21:35 / Allies) Light_Speed: kill
(22:19 / Allies) sObieski: gonna wait on my am
(22:21 / Allies) sObieski: one sec
(22:27 / Allies) Light_Speed: go
(22:38 / Allies) p3n1s: green expo here
(22:50 / Allies) p3n1s: clear soo
(22:54 / Allies) p3n1s: soon
(23:26 / Allies) p3n1s: take it
(24:31 / All) New-B: gg
(24:33 / All) New-B: 2x4
(24:39 / All) sObieski: we had idiot allies too
(24:41 / All) New-B: im just kill 2 noobs
(24:45 / All) sObieski: pink has only towers and yel and green got raped right away
(24:59 / All) New-B: teal not kill air units
(25:03 / All) New-B: teal dont help me
(25:06 / All) New-B: i control 3 units
(25:18 / All) New-B: im lendary player :(
(25:30 / Allies) Light_Speed: hey give that
(26:47 / All) New-B: NEED KILL PRIETS
(26:50 / All) New-B: NOO TEAL